 Dungeon Crawl Stone Soup version 0.21.1-1-g345015fe64 (webtiles) character file.

1712 warawara the Poker (level 8, 0/61 HPs)
             Began as a Demonspawn Berserker on Apr 8, 2018.
             Was a Priest of Trog.
             Slain by Neles's ghost (14 damage)
             ... on level 7 of the Dungeon.
             The game lasted 00:14:50 (5155 turns).

warawara the Poker (Demonspawn Berserker)           Turns: 5155, Time: 00:14:50

Health: 0/61       AC:  8    Str: 17    XL:     8   Next: 74%
Magic:  8/8        EV: 11    Int:  9    God:    Trog [***...]
Gold:   379        SH:  6    Dex: 18    Spells: 7/7 levels left

rFire    . . .     SeeInvis .   a - +0 spear
rCold    + . .     Gourm    +   l - +0 buckler
rNeg     . . .     Faith    .   e - +0 ring mail
rPois    .         Spirit   .   (no helmet)
rElec    .         Reflect  .   (no cloak)
rCorr    .         Harm     .   (no gloves)
MR       .....                  (no boots)
Stlth    +.........             n - amulet of the gourmand (curse)
HPRegen  0.20/turn              m - ring of protection from cold
MPRegen  0.11/turn              f - +3 ring of dexterity

@: berserk cooldown, slowed, very slow
A: thin metallic scales 2, demonic guardian 1, powered by death 1
a: Berserk, Trog's Hand, Burn Spellbooks, Renounce Religion


You were on level 7 of the Dungeon.
You worshipped Trog.
Trog was most pleased with you.
You were not hungry.

You visited 1 branch of the dungeon, and saw 7 of its levels.

You collected 379 gold pieces.

Inventory:

Hand Weapons
 a - a +0 spear (weapon)
Armour
 e - a +0 ring mail (worn)
 l - a +0 buckler (worn)
Magical Staves
 i - an uncursed staff of poison
Jewellery
 f - a +3 ring of dexterity (right hand)
 m - a ring of protection from cold (left hand)
 n - a cursed amulet of the gourmand (around neck)
 s - a cursed amulet of inaccuracy {unknown}
 w - an uncursed ring of wizardry {unknown}
 y - an uncursed ring of protection from magic {unknown}
 D - an uncursed ring of stealth {unknown}
Wands
 x - a wand of paralysis (9)
Scrolls
 d - 6 scrolls of remove curse
 g - 3 scrolls of magic mapping
 h - 4 scrolls of teleportation
 o - a scroll of enchant weapon {unknown}
 p - a scroll of fear
 t - 4 scrolls of enchant armour
 v - 2 scrolls of identify
 B - a scroll of immolation {unknown}
Potions
 b - 4 potions of curing {unknown}
 j - a potion of lignification {unknown}
 k - a potion of ambrosia {unknown}
 q - a potion of haste {unknown}
 r - a potion of mutation {unknown}
 u - a potion of might {unknown}
 z - a potion of resistance {unknown}
 A - 2 potions of cancellation {unknown}
 C - a potion of heal wounds {unknown}
Comestibles
 c - 12 rations


   Skills:
 + Level 4.8 Fighting
 + Level 7.7 Polearms
 - Level 1.7 Armour
 - Level 1.7 Dodging
 + Level 6.2 Shields


You had 7 spell levels left.
You didn't know any spells.

Dungeon Overview and Level Annotations

Branches:
Dungeon (7/15)
 Temple: D:4-7

Altars:
Gozag
Hepliaklqana
Sif Muna
Trog
Xom

Annotations:
D:7 Neles's ghost, novice DsWn


Innate Abilities, Weirdness & Mutations

You are mostly covered in thin metallic scales. (AC +3)
A weak demonic guardian rushes to your aid.
You regenerate a little health from kills.


Message History

Neles's ghost is almost destroyed.
Your white imp misses Neles's ghost.
Neles's ghost hits you!
* * * LOW HITPOINT WARNING * * *
x2 Attack whom?
Press: ? - help, Dir - move target cursor, f/p - Neles's ghost
Aim: Neles's ghost, wielding a vorpal weapon (almost destroyed)
You hit Neles's ghost.
Neles's ghost is almost destroyed.
Neles's ghost completely misses you.
Your white imp gestures at Neles's ghost.
The puff of frost hits Neles's ghost.
Attack whom?
Press: ? - help, Dir - move target cursor, f/p - Neles's ghost
Aim: Neles's ghost, wielding a vorpal weapon (almost destroyed)
You catch the helpless Neles's ghost completely off-guard!
You hit Neles's ghost but do no damage.
Neles's ghost is almost destroyed.
Your white imp hits Neles's ghost but does no damage.
Neles's ghost hits you!
You die...

$. ...
###################....
#......................
#.#############.....>..
#.# ###.####### #.#
#######...# #.#
#$......### #.#
#......@# #.#
#....5.W5...# #.#
#######..#..... #.# #..
...# ..$. #.# #.# ...#
..< #.#####.####...# .?
#.#............# #
#.##.##.####...#
#.#<..#.#


You could see Neles's ghost, a friendly quasit and a friendly white imp.

Vanquished Creatures
  The ghost of cada the Slasher, a novice BaFi (D:5)
  The ghost of error the Gusty, a novice OpAE (D:6)
  A black bear (D:6)
  2 phantoms
  2 ogres (D:6)
  A centaur (D:6)
  Blork the orc (D:4)
  3 hounds
  2 orc priests (D:6)
  An orc wizard (D:6)
  4 iguanas
  4 worker ants
  A worker ant zombie (D:5)
  4 gnolls
  8 adders
  A shadow imp (D:6)
  An ooze (D:3)
  An adder zombie (D:5)
  An adder skeleton (D:6)
  2 worms
  3 dart slugs
  A leopard gecko (D:4)
  10 orcs
  4 giant cockroaches
  6 goblins
  6 hobgoblins
  5 jackals
  A ball python (D:4)
  9 bats
  5 frilled lizards
  9 kobolds
  A leopard gecko skeleton (D:4)
  8 rats
110 creatures vanquished.

Vanquished Creatures (collateral kills)
  A bullfrog (D:6)
  A crimson imp (D:5)
  A bullfrog skeleton (D:7)
  A hound skeleton (D:6)
  An adder (D:5)
  A giant cockroach (D:5)
  A quokka skeleton (D:5)
7 creatures vanquished.

Grand Total: 117 creatures vanquished

Notes
Turn   | Place    | Note
-------+----------+-------------------------------------------
     0 | D:1      | warawara the Demonspawn Berserker began the quest for the Orb.
     0 | D:1      | Reached XP level 1. HP: 18/18 MP: 1/1
   100 | D:1      | Reached skill level 3 in Polearms
   100 | D:1      | Gained mutation: You regenerate a little health from kills. [demonic ancestry]
   100 | D:1      | Reached XP level 2. HP: 14/24 MP: 2/2
   472 | D:1      | Gained mutation: You are partially covered in thin metallic scales. (AC +2) [demonic ancestry]
   472 | D:1      | Reached XP level 3. HP: 29/29 MP: 3/3
   904 | D:2      | Reached skill level 4 in Polearms
  1298 | D:3      | Reached ** piety under Trog
  1399 | D:3      | Gained mutation: A weak demonic guardian rushes to your aid. [demonic ancestry]
  1399 | D:3      | Reached XP level 4. HP: 29/35 MP: 4/4
  1403 | D:3      | Reached skill level 1 in Shields
  1931 | D:3      | You fall through a shaft for 2 floors!
  1931 | D:5      | Entered Level 5 of the Dungeon
  1931 | D:5      | Noticed cada's ghost (novice BaFi)
  1959 | D:5      | Killed cada's ghost
  1959 | D:5      | Reached skill level 5 in Polearms
  1959 | D:5      | Gained mutation: You are mostly covered in thin metallic scales. (AC +3) [demonic ancestry]
  1959 | D:5      | Reached XP level 5. HP: 16/41 MP: 5/5
  1959 | D:5      | Reached XP level 6. HP: 18/47 MP: 6/6
  2099 | D:5      | Reached XP level 7. HP: 38/52 MP: 7/7
  2103 | D:5      | Reached skill level 6 in Polearms
  2111 | D:5      | Found a bloodstained altar of Trog.
  2392 | D:4      | Noticed Blork the orc
  2405 | D:4      | Killed Blork the orc
  3016 | D:4      | Reached *** piety under Trog
  3192 | D:5      | Reached skill level 5 in Shields
  4052 | D:6      | Reached skill level 7 in Polearms
  4052 | D:6      | Reached XP level 8. HP: 38/58 MP: 8/8
  4617 | D:6      | Found a shimmering altar of Xom.
  4619 | D:6      | Found a bloodstained altar of Trog.
  4619 | D:6      | Found a bloodstained altar of Trog.
  4621 | D:6      | Found an opulent altar of Gozag.
  4621 | D:6      | Found a hazy altar of Hepliaklqana.
  4621 | D:6      | Found a deep blue altar of Sif Muna.
  4779 | D:6      | Noticed error's ghost (novice OpAE)
  4789 | D:6      | Killed error's ghost
  5122 | D:7      | Noticed Neles's ghost (novice DsWn)
  5155 | D:7      | Slain by Neles's ghost

Skill      XL: |  1  2  3  4  5  6  7  8 |
---------------+-------------------------+-----
Polearms       | 3 4 5 7 |  7.7
Shields        | 3 5 6 |  6.2
Fighting       | 4 |  4.8
Armour         | |  1.7
Dodging        | |  1.7

Action                   |  1- 3 |  4- 6 |  7- 9 || total
-------------------------+-------+-------+-------++-------
Melee: Spear             |   165 |   145 |   450 ||   760
Invok: Berserk           |     3 |     1 |     6 ||    10
       Trog's Hand       |       |     1 |     2 ||     3
  Use: Scroll            |       |       |     6 ||     6
 Stab: Distracted        |       |       |     3 ||     3
  Eat: Chunk             |     2 |     6 |    22 ||    30
Armor: Animal skin       |     8 |       |       ||     8
       Ring mail         |    48 |    49 |    83 ||   180
Dodge: Dodged            |    76 |    73 |    98 ||   247
Block: Buckler           |     1 |    25 |    67 ||    93
